AoeStats
← [KMNB] Bandeira

Lombardia

508433693Analyzed
3v3 RM · 11d ago on Sep 22, 2026· 55m 5s· 6 players
Game mode
Random Map
Map size
Normal (6 player)
Population
200
Speed
Normal
Resources
Standard
Victory
Conquest
Starting age
Dark Age
Ending age
Imperial Age
RankedLock teamsTeams togetherTeam positionsShared explorationLock speedFull tech treeHidden civsTurbo modeCheats
Victory
Defeat
🇧🇷 Saracens · Brazil
1522
+14
🇧🇷 Magyars · Brazil
1502
+15
🇧🇷 Berbers · Brazil
1451
+18
1506
-17
🇮🇹 Magyars · Italy
1505
-16
🇮🇹 Spanish · Italy
1441
-14
CAAAAAAT
7:22 Loom
9:08 Feudal Age
9:32 Horse Collar
9:40 Double-Bit Axe
11:03 Double-Bit Axe
11:47 Loom
13:48 Horse Collar
16:32 Bloodlines
17:11 Scale Barding Armor
22:44 Castle Age
21:44 Fletching
22:39 Gold Mining
23:38 Wheelbarrow
23:16 Padded Archer Armor
23:34 Bodkin Arrow
24:50 Bow Saw
27:37 Leather Archer Armor
27:31 Husbandry
30:29 Ballistics
30:46 Thumb Ring
37:10 Hand Cart
37:20 Town Watch
41:41 Imperial Age
39:54 Masonry
39:24 Treadmill Crane
40:10 Heavy Plow
40:01 Stone Mining
40:46 Gold Shaft Mining
42:06 Coinage
41:36 Caravan
41:51 Heavy Cavalry Archer
43:42 Chemistry
43:33 Bracer
44:31 Parthian Tactics
46:15 Two-Man Saw
49:25 Chain Barding Armor
49:35 Ring Archer Armor
49:29 Chain Barding Armor
48:31 Light Cavalry
50:20 Conscription
50:42 Hussar
53:46 Plate Barding Armor
Zaccanasta Commissario
6:02 Loom
8:41 Feudal Age
9:35 Double-Bit Axe
11:42 Horse Collar
14:52 Fletching
24:02 Castle Age
22:57 Gold Mining
24:12 Crossbowman
24:49 Bodkin Arrow
25:52 Padded Archer Armor
26:58 Bow Saw
27:58 Ballistics
28:13 Leather Archer Armor
29:44 Wheelbarrow
30:23 Thumb Ring
33:43 Wheelbarrow
36:38 Imperial Age
37:28 Bracer
38:30 Chemistry
38:17 Arbalester
40:20 Stone Mining
42:48 Ring Archer Armor
44:44 Hand Cart
46:52 Conscription
48:34 Squires
48:35 Scale Mail Armor
48:45 Forging
49:56 Guilds
50:28 Chain Mail Armor
51:53 Plate Mail Armor
51:59 Iron Casting
53:12 Caravan
Monesi28
8:55 Loom
11:01 Feudal Age
13:09 Town Watch
16:17 Castle Age
14:28 Double-Bit Axe
16:18 Fletching
19:16 Horse Collar
21:04 Scale Barding Armor
23:21 Chain Barding Armor
25:26 Bow Saw
25:59 Forging
26:35 Gold Mining
28:30 Bloodlines
30:16 Iron Casting
29:51 Husbandry
34:34 Wheelbarrow
37:03 Hand Cart
43:36 Imperial Age
41:04 Bodkin Arrow
40:31 Light Cavalry
45:19 Blast Furnace
44:26 Cavalier
45:37 Bracer
46:15 Plate Barding Armor
47:42 Squires
47:07 Pikeman
47:48 Scale Mail Armor
47:57 Stone Mining
49:07 Conscription
49:26 Halberdier
50:21 Caravan
51:02 Masonry
51:54 Chemistry
52:14 Hussar
[KMNB] Bandeira
6:36 Loom
9:16 Feudal Age
9:54 Double-Bit Axe
15:04 Scale Barding Armor
17:58 Wheelbarrow
18:25 Horse Collar
18:37 Gold Mining
21:09 Castle Age
19:20 Gold Mining
20:57 Bloodlines
24:27 Husbandry
25:18 Bow Saw
25:11 Heavy Plow
37:52 Imperial Age
38:04 Hand Cart
38:02 Cavalier
39:12 Chain Barding Armor
41:13 Caravan
41:33 Paladin
47:56 Light Cavalry
49:37 Hussar
55:42 Crop Rotation
55:52 Conscription
[KMNB] Galodoido
8:32 Feudal Age
8:01 Loom
13:43 Fletching
15:58 Double-Bit Axe
22:28 Castle Age
20:33 Horse Collar
20:45 Gold Mining
21:31 Padded Archer Armor
22:29 Crossbowman
23:05 Bodkin Arrow
26:38 Bow Saw
26:45 Leather Archer Armor
29:13 Ballistics
29:12 Heavy Plow
30:24 Thumb Ring
33:18 Gold Shaft Mining
32:26 Elite Skirmisher
35:33 Wheelbarrow
35:33 Stone Mining
40:00 Imperial Age
38:18 Treadmill Crane
38:48 Masonry
39:30 Hand Cart
40:27 Town Watch
40:03 Arbalester
40:52 Bracer
42:30 Two-Man Saw
42:20 Ring Archer Armor
43:51 Chemistry
42:54 Town Patrol
46:30 Conscription
48:51 Caravan
51:08 Bimaristan
50:19 Elite Mameluke
51:13 Bimaristan
51:13 Counterweights
51:15 Forging
51:10 Scale Barding Armor
53:27 Iron Casting
53:13 Chain Barding Armor
52:57 Husbandry
53:07 Bloodlines
55:36 Hoardings
[KMNB] Dedão
6:25 Loom
9:23 Feudal Age
10:23 Double-Bit Axe
12:09 Horse Collar
14:30 Forging
17:21 Wheelbarrow
21:00 Castle Age
19:48 Gold Mining
22:15 Bow Saw
22:25 Bloodlines
22:08 Fletching
23:25 Husbandry
23:54 Heavy Plow
23:59 Bodkin Arrow
24:41 Hand Cart
26:30 Town Watch
26:50 Padded Archer Armor
28:01 Stone Mining
30:38 Ballistics
30:38 Leather Archer Armor
36:49 Imperial Age
36:47 Gold Shaft Mining
36:48 Stone Shaft Mining
36:21 Caravan
36:52 Coinage
38:03 Conscription
37:48 Bracer
38:55 Chemistry
38:07 Masonry
37:42 Elite Camel Archer
39:10 Ring Archer Armor
38:46 Scale Barding Armor
40:19 Thumb Ring
41:29 Town Patrol
41:54 Chain Barding Armor
42:21 Maghrebi Camels
45:22 Iron Casting
44:09 Light Cavalry
45:28 Plate Barding Armor
45:18 Hussar
47:52 Blast Furnace
49:04 Scale Mail Armor
49:08 Squires
48:54 Arson
48:31 Pikeman
Connection lost

Rejoining the realm…

Still unreachable

The connection could not be restored.

Session expired

The server has moved on; the page needs a fresh start.